[Event "Early-Titled-Tuesday-Blitz-January-23-2024"]
[Site "Chess.com"]
[Date "2024.01.23"]
[Round "5"]
[White "AvitalBor"]
[Black "StankovicIvan"]
[Result "1-0"]
[WhiteElo "2781"]
[BlackElo "2520"]
[TimeControl "180+1"]
[EndTime "8:54:00 PST"]
[Termination "AvitalBor won by resignation"]

1. c4 e5 2. e3 d6 3. d4 Nd7 4. Nc3 g6 5. Nf3 Bg7 6. b4 Ngf6 7. Bb2 O-O 8. Be2 Re8 9. Qc2 e4 10. Nd2 Qe7 11. O-O Nf8 12. Nd5 Nxd5 13. cxd5 Bf5 14.
Rfc1 Rac8 15. Nb3 b6 16. Ba6 h5 17. Bxc8 Rxc8 18. a4 h4 19. h3 Nh7 20. a5 Qd7 21. axb6 axb6 22. Qc6 Qe7 23. Ra8 Ng5 24. Rxc8+ Bxc8 25. Qxc7 Bd7 26. Nd2 Bh6 27. Kf1 Kg7 28. Ke1 Kf6 29. b5 Kg7 30. Ba3 Nxh3 31. gxh3 Qg5 32.
Qxd7 1-0

[Event "Early-Titled-Tuesday-Blitz-January-23-2024"]
[Site "Chess.com"]
[Date "2024.01.23"]
[Round "5"]
[White "Ginger_GM"]
[Black "Elsa167"]
[Result "0-1"]
[WhiteElo "2681"]
[BlackElo "2913"]
[TimeControl "180+1"]
[EndTime "8:54:02 PST"]
[Termination "Elsa167 won by resignation"]

1. d4 d5 2. c4 e6 3. Nc3 Nf6 4. Nf3 Ne4 5. Qc2 Nxc3 6. bxc3 c5 7. e4 cxd4 8. cxd5 exd5 9. Bb5+ Bd7 10. Bxd7+ Qxd7 11. O-O Be7 12. Nxd4 O-O 13. e5 Nc6 14. f4 Nxd4 15.
cxd4 Rac8 16. Qd3 f5 17. Be3 Rc4 18. g4 g6 19. gxf5 Rxf5 20. Rac1 b5 21. Rxc4 bxc4 22. Qb1 Rf8 23. Kh1 Qh3 24. Bd2 c3 25. Bxc3 Qxc3 26. Qb7 Qc4 0-1

[Event "Early-Titled-Tuesday-Blitz-January-23-2024"]
[Site "Chess.com"]
[Date "2024.01.23"]
[Round "5"]
[White "CarlosjPineror"]
[Black "jcibarra"]
[Result "0-1"]
[WhiteElo "2603"]
[BlackElo "2836"]
[TimeControl "180+1"]
[EndTime "8:54:04 PST"]
[Termination "jcibarra won by resignation"]

1. d4 Nf6 2. Nf3 g6 3. Bf4 d6 4. e3 Bg7 5. h3 O-O 6. Be2 c5 7. c3 Be6 8. O-O Qb6 9. b3 Nc6 10. Nbd2 Nd5 11. Nc4 Qd8 12. Qd2 Nxf4 13. exf4 cxd4 14.
cxd4 Bd5 15. Ne3 Bxf3 16. Bxf3 Nxd4 17. Bxb7 Rb8 18. Be4 e6 19. Rac1 d5 20. Bd3 Qd6 21. Nc2 Nc6 22. Rfd1 Rfd8 23. g3 a5 24. Ne1 Nd4 25.
Qxa5 Ra8 26. Qc5 Qxc5 27. Rxc5 Rxa2 28. b4 Bf8 29. Rc7 Bxb4 30. Nc2 Bd6 31. Nxd4 Bxc7 32. h4 Bb6 33. Bf1 h5 34. Bh3 Rb8 35. Nc6 Bxf2+ 36.
Kf1 Rb3 0-1

[Event "Early-Titled-Tuesday-Blitz-January-23-2024"]
[Site "Chess.com"]
[Date "2024.01.23"]
[Round "5"]
[White "19912131712118"]
[Black "fks_stal_mielec"]
[Result "1-0"]
[WhiteElo "2428"]
[BlackElo "2243"]
[TimeControl "180+1"]
[EndTime "8:54:06 PST"]
[Termination "19912131712118 won by checkmate"]

1. e4 c5 2. Nf3 Nc6 3. d4 cxd4 4. Nxd4 d5 5. Bb5 dxe4 6. Nxc6 Qxd1+ 7. Kxd1 a6 8. Nd4+ axb5 9. Nxb5 Ra5 10. N1a3 Bg4+ 11. Ke1 Nf6 12. Bd2 Ra6 13. Nc7+ Kd7 14. Nxa6 bxa6 15.
Nc4 Kc7 16. Ne3 Bd7 17. Ba5+ Kb7 18. Rd1 e5 19. c4 Bc5 20. Ke2 Bg4+ 21. Nxg4 Nxg4 22.
Rd7+ Ka8 23. Rxf7 Rf8 24. Rxf8+ Bxf8 25. f3 exf3+ 26. gxf3 Nf6 27. Rd1 Bc5 28. Rd8+ Kb7 29. b4 Bd4 30. Rf8 Nh5 31. Rf7+ Ka8 32. a4 Nf4+ 33. Kf1 g5 34. Rxh7 Bc3 35. Rg7 Ne6 36. Rg6 Nd4 37. Rxa6+ Kb7 38. Rf6 Nb3 39.
Rf7+ Ka8 40. Bc7 Nd4 41. b5 g4 42. fxg4 e4 43. Bf4 Ne6 44. Be3 Bd4 45. Bxd4 Nxd4 46.
a5 e3 47. b6 e2+ 48. Ke1 Kb8 49. a6 Nc2+ 50. Kxe2 Nd4+ 51. Kd1 Nc6 52. Rf8+ Nd8 53. Rxd8# 1-0

[Event "Early-Titled-Tuesday-Blitz-January-23-2024"]
[Site "Chess.com"]
[Date "2024.01.23"]
[Round "5"]
[White "Raud100"]
[Black "Klavdia_Nik"]
[Result "1-0"]
[WhiteElo "2389"]
[BlackElo "2165"]
[TimeControl "180+1"]
[EndTime "8:54:07 PST"]
[Termination "Raud100 won on time"]

1. d4 Nf6 2. c4 c5 3. d5 b5 4.
cxb5 a6 5. bxa6 Bxa6 6. Nc3 g6 7. Nf3 d6 8. g3 Bg7 9. Bg2 O-O 10. O-O Nbd7 11.
Qc2 Qa5 12. Bd2 Rfb8 13. Rab1 Ra7 14. b3 Qc7 15. Rfc1 Qb7 16. e4 Ng4 17. Bf1 Nge5 18. Nxe5 Nxe5 19. Kg2 Bxf1+ 20. Rxf1 Qa6 21. a4 Nd3 22.
Nb5 Nb4 23. Bxb4 cxb4 24. Rfc1 Bf6 25. Qc6 Raa8 26. Qxa6 Rxa6 27. Rc6 Rab6 28. Rbc1 Kg7 29. R1c4 Bc3 30. f4 Rxb5 31. axb5 Rxb5 32. Kf3 Ra5 33. Rxc3 bxc3 34. Rxc3 Ra2 35. h4 h5 36. Ke3 f5 37.
e5 Rb2 38. Kd4 Kf7 39. Kc4 Re2 40. e6+ Kf6 41. Rd3 Rc2+ 42. Kb5 Kg7 43. b4 Kf8 44.
Kb6 Ke8 45. b5 Kd8 46. Kb7 1-0

[Event "Early-Titled-Tuesday-Blitz-January-23-2024"]
[Site "Chess.com"]
[Date "2024.01.23"]
[Round "5"]
[White "DefiantChair"]
[Black "scarabee43"]
[Result "0-1"]
[WhiteElo "2550"]
[BlackElo "2816"]
[TimeControl "180+1"]
[EndTime "8:54:08 PST"]
[Termination "scarabee43 won by resignation"]

1. e4 c5 2. Nf3 e6 3. d4 cxd4 4. Nxd4 Nc6 5. Nc3 Qc7 6. Be3 a6 7. Qd2 Nf6 8. O-O-O Be7 9. f3 b5 10. g4 Nxd4 11. Bxd4 Bb7 12. h4 h6 13. Kb1 b4 14.
Ne2 e5 15. Bf2 d5 16. Bh3 dxe4 17. g5 hxg5 18. hxg5 Nh7 19. Bd7+ Kf8 20. g6 fxg6 21.
fxe4 Bxe4 22. Rh4 Bxc2+ 23. Qxc2 Qxc2+ 24. Kxc2 Bxh4 25. Bxh4 Nf6 26. Be1 Nxd7 27. Rxd7 a5 28. Bg3 Rh5 29. Kd3 Rc8 30. Ra7 Rf5 31. b3 Kg8 32. Ke4 Rc2 33. Ng1 Rg2 34. Bxe5 Rg4+ 35. Kd5 Rxg1 36. Rxg7+ Kf8 37. Ra7 Re1 0-1

[Event "Early-Titled-Tuesday-Blitz-January-23-2024"]
[Site "Chess.com"]
[Date "2024.01.23"]
[Round "5"]
[White "tandaleo"]
[Black "mertfelin"]
[Result "1-0"]
[WhiteElo "2533"]
[BlackElo "2282"]
[TimeControl "180+1"]
[EndTime "8:54:08 PST"]
[Termination "tandaleo won by checkmate"]

1. b3 d5 2. Bb2 Bf5 3. Nf3 Nf6 4.
e3 e6 5. Nh4 Bg4 6. f3 Bh5 7. g3 Nbd7 8. Ng2 e5 9. Be2 Bd6 10.
O-O O-O 11. f4 Bxe2 12. Qxe2 Re8 13. f5 e4 14. d3 exd3 15. cxd3 Ne5 16. Nd2 Qd7 17.
h3 c5 18. g4 Nc6 19. g5 d4 20. gxf6 dxe3 21. Ne4 g6 22. Qxe3 Bf8 23. fxg6 hxg6 24. Qg3 Nb4 25. Nf4 Nxd3 26. Nxg6 fxg6 27. Qxg6+ Kh8 28.
f7+ Nxb2 29. Qg8# 1-0

[Event "Early-Titled-Tuesday-Blitz-January-23-2024"]
[Site "Chess.com"]
[Date "2024.01.23"]
[Round "5"]
[White "lularobs"]
[Black "jcmesafischer"]
[Result "0-1"]
[WhiteElo "1575"]
[BlackElo "2333"]
[TimeControl "180+1"]
[EndTime "8:54:10 PST"]
[Termination "jcmesafischer won on time"]

1. e4 c5 2. d4 cxd4 3. c3 d3 4. Bxd3 Nc6 5. Nf3 g6 6. O-O Bg7 7. Re1 d6 8. Nbd2 Nf6 9. Nc4 Nd7 10. Bg5 h6 11. Be3 O-O 12. Qd2 Kh7 13. Nd4 Nde5 14. Nxc6 bxc6 15. Be2 Nxc4 16. Bxc4 Be6 17. Be2 c5 18. f4 Qc8 19. a3 a5 20. Qc2 Rb8 21.
c4 Rxb2 22. Qd3 a4 23. f5 gxf5 24. Rab1 fxe4 25. Qxe4+ Bf5 26. Qxe7 Rxb1 27. Rxb1 Bxb1 28. Qxd6 Re8 29. Bd3+ Bxd3 30. Qxd3+ Kg8 0-1

[Event "Early-Titled-Tuesday-Blitz-January-23-2024"]
[Site "Chess.com"]
[Date "2024.01.23"]
[Round "5"]
[White "jefferyx"]
[Black "LeRoidesChampions"]
[Result "1-0"]
[WhiteElo "2998"]
[BlackElo "2620"]
[TimeControl "180+1"]
[EndTime "8:54:11 PST"]
[Termination "jefferyx won by resignation"]

1. e4 c5 2. Nf3 e6 3. c3 Nf6 4. Bd3 c4 5. Bc2 Nc6 6. O-O Qc7 7. b3 b5 8. a4 cxb3 9. Bxb3 bxa4 10. Rxa4 Bb7 11.
Re1 Be7 12. e5 Nd5 13. Rg4 g6 14. d4 h5 15. Rg3 Na5 16. Bc2 Nc4 17. Ng5 Bxg5 18.
Bxg5 a5 19. Nd2 a4 20. Ne4 a3 21. Bb3 a2 22. Qa1 Ndb6 23. Nf6+ Kf8 24. Bxa2 Qc6 25.
Qb1 h4 26. Rg4 h3 27. Qb4+ Kg7 28. Bxc4 Nxc4 29. Ne4 Rh5 30. Bf6+ Kg8 31. Qe7 Qxe4 32.
Rgxe4 Bxe4 33. g4 Nd2 34. f4 Nf3+ 35. Kf2 Nxe1 36. gxh5 Nd3+ 37. Ke3 g5 38. Kxe4 Nxf4 39. h6 1-0

[Event "Early-Titled-Tuesday-Blitz-January-23-2024"]
[Site "Chess.com"]
[Date "2024.01.23"]
[Round "5"]
[White "LyonBeast"]
[Black "TigrVShlyape"]
[Result "1-0"]
[WhiteElo "3159"]
[BlackElo "2933"]
[TimeControl "180+1"]
[EndTime "8:54:13 PST"]
[Termination "LyonBeast won on time"]

1. e4 e5 2. Nf3 Nc6 3. Bc4 Nf6 4. d3 h6 5. c3 d6 6. Nbd2 g6 7. a4 Bg7 8. b4 O-O 9. Bb3 Nh5 10. Nc4 Be6 11. O-O Re8 12. b5 Nb8 13. d4 Nd7 14.
Re1 Bg4 15. Ne3 Bxf3 16. Qxf3 Nhf6 17. Bb2 exd4 18. cxd4 Rxe4 19. Bd5 Re7 20. Bxb7 Rb8 21. Bc6 a6 22. bxa6 Rxb2 23. a7 Nb6 24. Nc4 Rxe1+ 25.
Rxe1 Nxc4 26. a8=Q Rb8 27. Qa6 Nd2 28. Qfe2 Nb3 29.
Qad3 Nh5 30. Qed1 1-0

[Event "Early-Titled-Tuesday-Blitz-January-23-2024"]
[Site "Chess.com"]
[Date "2024.01.23"]
[Round "5"]
[White "Viktor_Poddubnyi"]
[Black "wild3000"]
[Result "0-1"]
[WhiteElo "2255"]
[BlackElo "2434"]
[TimeControl "180+1"]
[EndTime "8:54:13 PST"]
[Termination "wild3000 won on time"]

1. e4 e6 2. d4 a6 3. c4 d6 4. Nc3 Nf6 5. Nf3 Be7 6. Be2 O-O 7. O-O c5 8. h3 cxd4 9. Nxd4 Nc6 10. Be3 Bd7 11.
Qd2 Rc8 12. Rac1 Nxd4 13. Bxd4 Bc6 14. f3 d5 15. cxd5 exd5 16. e5 Nh5 17. Rfe1 Bh4 18. Red1 Qg5 19. Qxg5 Bxg5 20. Rc2 Nf4 21. Bf1 Ne6 22.
Bf2 d4 23. Ne2 Rfd8 24. Nxd4 Nxd4 25. Rxd4 Rxd4 26. Bxd4 Rd8 27. Bf2 Rd1 28. g3 h5 29.
f4 Be7 30. Re2 Bb4 0-1

[Event "Early-Titled-Tuesday-Blitz-January-23-2024"]
[Site "Chess.com"]
[Date "2024.01.23"]
[Round "5"]
[White "KhazhatulyAlikhan"]
[Black "JeFumeDesClopes"]
[Result "0-1"]
[WhiteElo "2357"]
[BlackElo "2546"]
[TimeControl "180+1"]
[EndTime "8:54:14 PST"]
[Termination "JeFumeDesClopes won on time"]

1. e4 g6 2. d4 Bg7 3. Nf3 d6 4. Nc3 a6 5. Be2 Nf6 6. O-O O-O 7. h3 b5 8. a3 Bb7 9. Bd3 Nbd7 10. Re1 e5 11.
dxe5 Nxe5 12. Nxe5 dxe5 13. Be3 Qe7 14. b4 Nd7 15. a4 Qxb4 16. Qd2 c6 17. Reb1 Qd6 18. Bh6 Nc5 19. Bxg7 Kxg7 20. Qe3 Qd4 21. Qxd4 exd4 22. Ne2 Rfd8 23. axb5 cxb5 24. Rb4 Bxe4 25. Bxe4 Nxe4 26. Nxd4 Nc5 27. Nf3 Rdc8 28. Ra2 Na4 29. c4 Nc3 30. Rc2 a5 0-1

[Event "Early-Titled-Tuesday-Blitz-January-23-2024"]
[Site "Chess.com"]
[Date "2024.01.23"]
[Round "5"]
[White "Maxfan2008"]
[Black "Knightmare1014"]
[Result "1-0"]
[WhiteElo "2533"]
[BlackElo "2272"]
[TimeControl "180+1"]
[EndTime "8:54:17 PST"]
[Termination "Maxfan2008 won by checkmate"]

1. d4 d5 2. c4 e6 3. Nc3 Nf6 4. cxd5 exd5 5. Bg5 Be7 6. e3 c6 7. Bd3 Nbd7 8. Qc2 h6 9. Bh4 Nh5 10. Bxe7 Qxe7 11. Nge2 Nb6 12. h3 Bd7 13. O-O-O O-O-O 14. Kb1 Kb8 15. Rc1 g6 16. g4 Ng7 17. Na4 Nxa4 18.
Qxa4 Ne8 19. Rc3 Nd6 20. Rb3 f5 21. Nf4 Rhg8 22. Rc1 g5 23. Ne2 fxg4 24. hxg4 c5 25. Qa5 c4 26. Ra3 Nc8 27. Bc2 Bxg4 28. Nc3 Qc7 29. Qb4 Qb6 30. Nxd5 Rxd5 31. Qxc4 Rgd8 32. Rb3 Qd6 33. Be4 Ra5 34. Rxb7+ Ka8 35. Rb6+ Qd5 36. Bxd5+ Raxd5 37. Qc6# 1-0

[Event "Early-Titled-Tuesday-Blitz-January-23-2024"]
[Site "Chess.com"]
[Date "2024.01.23"]
[Round "5"]
[White "GMKrikor"]
[Black "Artyom_ChessMate"]
[Result "1-0"]
[WhiteElo "2804"]
[BlackElo "2536"]
[TimeControl "180+1"]
[EndTime "8:54:21 PST"]
[Termination "GMKrikor won by resignation"]

1. Nf3 d5 2. c4 e6 3. d4 Nf6 4.
cxd5 exd5 5. Nc3 c6 6. Bf4 Bd6 7. Bxd6 Qxd6 8. e3 Bf5 9. Nh4 Bg4 10. Qb3 Nbd7 11. h3 Bh5 12. Nf5 Qc7 13. Nxg7+ Kf8 14.
Nxh5 Nxh5 15. O-O-O a5 16. Kb1 a4 17. Nxa4 Qa5 18.
Nc3 b5 19. Rc1 b4 20. Nd1 c5 21. Qxd5 Nhf6 22. Qd6+ Kg7 23. Qg3+ Kf8 24. Bc4 Rg8 25. Qd6+ Kg7 26. Bb3 Rgc8 27. d5 c4 28. Rxc4 Rxc4 29. Bxc4 Rc8 30. b3 Rc7 31. Qf4 Nb6 32. Qxc7 1-0

[Event "Early-Titled-Tuesday-Blitz-January-23-2024"]
[Site "Chess.com"]
[Date "2024.01.23"]
[Round "5"]
[White "Orphanator2009"]
[Black "carloseduar100"]
[Result "1-0"]
[WhiteElo "2471"]
[BlackElo "2288"]
[TimeControl "180+1"]
[EndTime "8:54:21 PST"]
[Termination "Orphanator2009 won by resignation"]

1. d4 d5 2. c4 e5 3. dxe5 d4 4.
Nf3 Nc6 5. a3 Nge7 6. e3 Bg4 7. h3 Bxf3 8. Qxf3 Nxe5 9. Qxb7 dxe3 10. Qb5+ N7c6 11. Bxe3 Rb8 12. Qd5 Rxb2 13. Qxd8+ Nxd8 14.
Bd4 Rxb1+ 15. Rxb1 Ndc6 16. Bxe5 Nxe5 17. Be2 Nd7 18.
O-O Bxa3 19. Bg4 Bd6 20. Rfe1+ Kd8 21. Rbd1 Re8 22. Rxe8+ Kxe8 23. Bxd7+ Kxd7 24. c5 a5 25. cxd6 cxd6 26. Ra1 1-0

[Event "Early-Titled-Tuesday-Blitz-January-23-2024"]
[Site "Chess.com"]
[Date "2024.01.23"]
[Round "5"]
[White "diamonds13"]
[Black "Ati1517"]
[Result "1-0"]
[WhiteElo "2344"]
[BlackElo "2212"]
[TimeControl "180+1"]
[EndTime "8:54:21 PST"]
[Termination "diamonds13 won on time"]

1. d4 Nf6 2. c4 g6 3. Nc3 d6 4. e4 Bg7 5. Be3 O-O 6. Be2 Nbd7 7. h4 e5 8. d5 a5 9. f3 b6 10. g4 h5 11. g5 Nh7 12. Qd2 Nc5 13. Nh3 Bd7 14. Nf2 Rb8 15. Nd3 Nxd3+ 16. Bxd3 a4 17.
a3 Re8 18. O-O-O Nf8 19. Bc2 Qc8 20. Bxa4 Bxa4 21. Nxa4 Qa6 22. Qc2 Nd7 23. Rd3 b5 24. cxb5 Qxb5 25. Nc3 Qa5 26. Na2 Nb6 27. Rc3 Na4 28. b4 Qa6 29. Rc6 Nb6 30. Qb3 Qe2 31.
Kb1 Qxf3 32. Rhc1 Qxe4+ 33. R1c2 Nxd5 34. Bc1 f6 35. Nc3 Kh7 36. Nxe4 1-0

[Event "Early-Titled-Tuesday-Blitz-January-23-2024"]
[Site "Chess.com"]
[Date "2024.01.23"]
[Round "5"]
[White "Timerkhanov"]
[Black "flomarechot"]
[Result "1-0"]
[WhiteElo "2674"]
[BlackElo "2311"]
[TimeControl "180+1"]
[EndTime "8:54:22 PST"]
[Termination "Timerkhanov won by resignation"]

1. d4 Nf6 2. Bg5 Ne4 3. h4 c5 4. d5 h6 5. Bf4 d6 6. Nd2 Bf5 7.
Nxe4 Bxe4 8. f3 Bf5 9. e4 Bc8 10. h5 e5 11. Be3 Nd7 12. g3 Be7 13. Bh3 Bg5 14. f4 exf4 15. gxf4 Bh4+ 16. Kf1 Bf6 17. c3 O-O 18. Nf3 Re8 19. Nd2 Rb8 20. Rg1 Kh8 21. a4 b6 22. Qf3 a6 23. Bf5 b5 24. axb5 axb5 25. Qg4 Nf8 26. Bxc8 Qxc8 27. Qxc8 Rexc8 28. Ra7 b4 29. Nc4 bxc3 30. bxc3 Rb1+ 31. Kg2 Rxg1+ 32.
Kxg1 Bxc3 33. Nxd6 Rb8 34. Nxf7+ Kg8 35. Bxc5 Rb1+ 36.
Kg2 Nh7 37. e5 Rc1 38. e6 Nf6 39. Ra8+ 1-0

[Event "Early-Titled-Tuesday-Blitz-January-23-2024"]
[Site "Chess.com"]
[Date "2024.01.23"]
[Round "5"]
[White "Happy1712Drummer"]
[Black "JonasEilenberg"]
[Result "0-1"]
[WhiteElo "2442"]
[BlackElo "2572"]
[TimeControl "180+1"]
[EndTime "8:54:23 PST"]
[Termination "JonasEilenberg won by resignation"]

1. e4 c5 2. Nf3 a6 3. c4 Nc6 4. d4 cxd4 5. Nxd4 e5 6. Nc2 Nf6 7.
Nc3 Bc5 8. Be2 O-O 9. O-O d6 10. Be3 Bxe3 11. Nxe3 Nd4 12. Ned5 Nxd5 13. Nxd5 Be6 14. Nc3 Rc8 15. b3 b5 16. Nd5 Bxd5 17. cxd5 Qa5 18. f4 Qc3 19. Kh1 Qe3 20. fxe5 dxe5 21.
Bf3 Rc2 22. Qe1 Qh6 23. Rc1 Rfc8 24. Rxc2 Rxc2 25. Qa5 Qh4 26. Qxa6 h6 27. Bd1 Rf2 28. Qc8+ Kh7 29. Rg1 Qxe4 30. Qd7 Nf5 31. Bf3 Rxf3 32. gxf3 Qxf3+ 33. Rg2 Ne3 0-1

[Event "Early-Titled-Tuesday-Blitz-January-23-2024"]
[Site "Chess.com"]
[Date "2024.01.23"]
[Round "5"]
[White "TheNextLevelFan"]
[Black "tigurones"]
[Result "1-0"]
[WhiteElo "2557"]
[BlackElo "2396"]
[TimeControl "180+1"]
[EndTime "8:54:25 PST"]
[Termination "TheNextLevelFan won by resignation"]

1. e4 c5 2. c3 Nf6 3. e5 Nd5 4. Nf3 d6 5. d4 cxd4 6. cxd4 Nc6 7. Bc4 Nb6 8. Bd3 dxe5 9. dxe5 Bg4 10. Bf4 e6 11. O-O Be7 12. h3 Bh5 13. Nc3 O-O 14. Re1 Bg6 15. Ne4 Nd5 16. Bg3 Ndb4 17. Bc4 Qxd1 18.
Raxd1 Rfd8 19. Nd6 Bxd6 20. exd6 Bh5 21. a3 Nc2 22.
Re4 Bg6 23. Re2 Rac8 24. d7 Ra8 25. Bc7 Rf8 26. Bb3 Nxa3 27. bxa3 a5 28. Ba4 Nd8 29.
Bd6 f6 30. Bxf8 Kxf8 31. Nd4 Ke7 32. Nxe6 Nxe6 33. d8=Q+ Rxd8 34. Rxe6+ Kxe6 35. Rxd8 Bd3 36. Rxd3 1-0

[Event "Early-Titled-Tuesday-Blitz-January-23-2024"]
[Site "Chess.com"]
[Date "2024.01.23"]
[Round "5"]
[White "kekic76"]
[Black "Tejas_Rama"]
[Result "0-1"]
[WhiteElo "2318"]
[BlackElo "2635"]
[TimeControl "180+1"]
[EndTime "8:54:25 PST"]
[Termination "Tejas_Rama won on time"]

1. e4 e5 2. Nf3 Nc6 3. d4 exd4 4. Nxd4 Nf6 5. Nc3 Bb4 6. Nxc6 bxc6 7. Bd3 O-O 8. O-O d5 9. exd5 Bg4 10. Be2 Bxe2 11. Qxe2 cxd5 12. Bg5 c6 13. Qf3 Be7 14. Rfe1 h6 15.
Bh4 Re8 16. Ne2 Ne4 17. Bxe7 Qxe7 18. Nd4 c5 19. Nf5 Qf6 20. c3 Re5 21. Ng3 Qxf3 22. gxf3 Ng5 23. Kg2 Rxe1 24. Rxe1 Ne6 25. Rd1 Rb8 26.
b3 a5 27. Kf1 d4 28. cxd4 cxd4 29. Nf5 Rb5 30. Nd6 Rh5 0-1

[Event "Early-Titled-Tuesday-Blitz-January-23-2024"]
[Site "Chess.com"]
[Date "2024.01.23"]
[Round "5"]
[White "AlexOstrovskiy"]
[Black "OneTrickPony_82"]
[Result "1-0"]
[WhiteElo "2791"]
[BlackElo "2520"]
[TimeControl "180+1"]
[EndTime "8:54:27 PST"]
[Termination "AlexOstrovskiy won by resignation"]

1. e4 e5 2. Nc3 Nc6 3. Bc4 Nf6 4. d3 Na5 5. Qf3 Bc5 6. Nge2 Nxc4 7. dxc4 d6 8. h3 Be6 9. b3 Nd7 10. O-O a6 11. Ng3 O-O 12. Nf5 Bxf5 13. exf5 Bd4 14.
Bd2 Rb8 15. Rad1 Bxc3 16. Bxc3 b5 17. c5 Nxc5 18. Bxe5 Qg5 19. Bd4 Rfe8 20. Bxc5 dxc5 21. Rd5 Rbd8 22. Rxc5 Rd2 23. Rxc7 h5 24. a4 bxa4 25. bxa4 Ree2 26. Qa8+ Kh7 27. Rxf7 Qf4 28. f6 Kg6 29. Rxg7+ Kxf6 30. Qf8+ Ke5 31. Re7+ 1-0

[Event "Early-Titled-Tuesday-Blitz-January-23-2024"]
[Site "Chess.com"]
[Date "2024.01.23"]
[Round "5"]
[White "quvnoq_muxlis"]
[Black "Smiechu"]
[Result "1-0"]
[WhiteElo "2672"]
[BlackElo "2491"]
[TimeControl "180+1"]
[EndTime "8:54:29 PST"]
[Termination "quvnoq_muxlis won by checkmate"]

1. e4 c5 2. Nf3 g6 3. c3 Bg7 4. d4 cxd4 5. cxd4 d5 6. exd5 Nf6 7. Bb5+ Nbd7 8. Nc3 O-O 9. O-O Nb6 10. a4 a6 11.
Be2 Nbxd5 12. Ne5 Bf5 13. Bf3 Rc8 14. Bd2 Be6 15. a5 Nxc3 16. bxc3 Bd5 17. Rb1 Qxa5 18. c4 Bxf3 19. Bxa5 Bxd1 20. Rfxd1 b5 21. c5 Nd5 22. Nd7 Rfe8 23. Nb6 Nxb6 24. Bxb6 e6 25. Ra1 Ra8 26.
Kf1 Bf6 27. c6 Reb8 28. Ba5 Rc8 29. c7 Be7 30. d5 Bd6 31. Rac1 e5 32. Rc6 Bb4 33.
Bxb4 a5 34. Be7 a4 35. d6 a3 36. d7 a2 37. d8=Q+ Kg7 38. Bf6+ Kh6 39. Qd2+ Kh5 40. Qg5# 1-0

[Event "Early-Titled-Tuesday-Blitz-January-23-2024"]
[Site "Chess.com"]
[Date "2024.01.23"]
[Round "5"]
[White "GMJustin"]
[Black "cthake"]
[Result "1-0"]
[WhiteElo "2342"]
[BlackElo "1847"]
[TimeControl "180+1"]
[EndTime "8:54:29 PST"]
[Termination "GMJustin won on time"]

1. e4 c5 2. Nf3 Nc6 3. d4 cxd4 4. Nxd4 Nf6 5. f3 e5 6. Nb5 d6 7.
c4 a6 8. N5c3 Be7 9. Be3 O-O 10.
Be2 Be6 11. O-O Rc8 12. Nd5 Bxd5 13. cxd5 Nb4 14. Nc3 a5 15. a3 Na6 16. Bxa6 bxa6 17. Qd3 Rb8 18. Rab1 Qc8 19. Rfc1 Qb7 20. Na4 Rfc8 21.
Nb6 Rd8 22. Rc6 Nd7 23. Rbc1 Nc5 24. Bxc5 dxc5 25. Qc3 Rd6 26. Rxd6 Bxd6 27. Nc4 Qd7 28. Qxa5 Ra8 29. Nxd6 Qxd6 30. Qxc5 Qd7 31. b4 g6 32. Qc6 Qd8 33. d6 Kg7 34. d7 Ra7 35. Rd1 Rc7 36.
Qxc7 Qxc7 37. d8=Q 1-0

[Event "Early-Titled-Tuesday-Blitz-January-23-2024"]
[Site "Chess.com"]
[Date "2024.01.23"]
[Round "5"]
[White "vova-79"]
[Black "ReinisUz"]
[Result "1/2-1/2"]
[WhiteElo "2561"]
[BlackElo "2445"]
[TimeControl "180+1"]
[EndTime "8:54:30 PST"]
[Termination "Game drawn by repetition"]

1. d4 d5 2. c4 c6 3. Nc3 Nf6 4. e3 e6 5. Nf3 Be7 6. Qc2 Nbd7 7. b3 O-O 8. Bb2 Re8 9. Be2 Nf8 10. O-O N6d7 11. e4 dxe4 12. Nxe4 f5 13. Ng3 Bf6 14. Nh5 g6 15. Nxf6+ Qxf6 16. Rfe1 g5 17. Rad1 g4 18. Ne5 Nxe5 19. dxe5 Qe7 20. Rd6 Ng6 21. Red1 c5 22. Qd2 b6 23. Qh6 Qg7 24. Qxg7+ Kxg7 25. Rd8 Kf7 26.
f3 h5 27. fxg4 hxg4 28. h3 Rxd8 29. Rxd8 Nf4 30. Bf1 gxh3 31. g3 Ng6 32. Bxh3 Ke7 33. Rg8 Kf7 34. Rd8 Ke7 35. Rg8 Kf7 36. Rd8 1/2-1/2

[Event "Early-Titled-Tuesday-Blitz-January-23-2024"]
[Site "Chess.com"]
[Date "2024.01.23"]
[Round "5"]
[White "the_blue_pill"]
[Black "LeoLV10"]
[Result "0-1"]
[WhiteElo "2261"]
[BlackElo "2435"]
[TimeControl "180+1"]
[EndTime "8:54:31 PST"]
[Termination "LeoLV10 won by resignation"]

1. b3 c5 2. Bb2 Nc6 3. Nf3 Nf6 4. g3 g6 5. Bg2 Bg7 6. O-O O-O 7. d4 d6 8. c4 Rb8 9. d5 Na5 10. Nbd2 a6 11.
a4 b6 12. Qc2 Bf5 13. e4 Nxe4 14. Bxg7 Nxd2 15. Qb2 Ndxb3 16. Bxf8 Qxf8 17. Rad1 Qg7 18. Qe2 Qf6 19. Rfe1 Re8 20. h3 Bd7 21. Nd2 Nxd2 22. Rxd2 Bxa4 23. Qd3 Bb3 24. Rc1 b5 25. cxb5 c4 26.
Qe3 axb5 27. Qa7 c3 28. Re2 Nc4 29.
Qd7 Rb8 30. Rxe7 Ba4 31. Rce1 c2 32. h4 h5 33. Bh3 Ne5 34. Re8+ Rxe8 35. Qxe8+ Kg7 36. Qc8 Nf3+ 0-1

[Event "Early-Titled-Tuesday-Blitz-January-23-2024"]
[Site "Chess.com"]
[Date "2024.01.23"]
[Round "5"]
[White "Ezov"]
[Black "N4700000"]
[Result "0-1"]
[WhiteElo "2220"]
[BlackElo "2410"]
[TimeControl "180+1"]
[EndTime "8:54:31 PST"]
[Termination "N4700000 won by resignation"]

1. d4 Nf6 2. Nc3 d5 3. Bf4 a6 4. Qd2 e6 5. O-O-O Bb4 6. f3 O-O 7. g4 Nbd7 8. h4 c5 9. h5 Qa5 10. a3 Bxc3 11. Qxc3 Qxc3 12. bxc3 c4 13. g5 Ne8 14. e4 Nb6 15. Kd2 Na4 16. Rb1 b5 17.
Nh3 f6 18. gxf6 Nxf6 19. Bd6 dxe4 20. Bxf8 Kxf8 21. Be2 Bb7 22. Rhf1 Ke7 23. Nf4 Rf8 24. Nh3 exf3 25. Bxf3 Bxf3 26. Rxf3 Ne4+ 27. Ke3 Rxf3+ 28.
Kxf3 Nd2+ 29. Kf4 Nxb1 30. Ng5 h6 31. Ne4 Nbxc3 32. Nc5 Nxc5 33. dxc5 Na4 0-1

[Event "Early-Titled-Tuesday-Blitz-January-23-2024"]
[Site "Chess.com"]
[Date "2024.01.23"]
[Round "5"]
[White "Martial2008"]
[Black "stasOR4ik"]
[Result "1-0"]
[WhiteElo "2664"]
[BlackElo "2417"]
[TimeControl "180+1"]
[EndTime "8:54:32 PST"]
[Termination "Martial2008 won on time"]

1. d4 d5 2. Nf3 Nf6 3. Bf4 e6 4. Nbd2 Nbd7 5. e3 Ne4 6. Nxe4 dxe4 7. Nd2 f5 8. c3 Bd6 9. Qb3 Nf6 10. Bb5+ c6 11. Bxd6 Qxd6 12. Be2 O-O 13. Nc4 Qc7 14. Ne5 Qd6 15. O-O Nd7 16. f4 Nxe5 17. dxe5 Qc5 18.
Kf2 g5 19. g3 a5 20. Rad1 a4 21. Qb4 Qxb4 22. cxb4 a3 23. b3 h6 24. Rd6 Kf7 25. Rfd1 Ke7 26. h4 g4 27. Bc4 Ra7 28. Ke2 b5 29. Rxc6 bxc4 30. bxc4 Bd7 31. Rcd6 Ba4 32.
Rc1 Rd8 33. c5 Rxd6 34. exd6+ Kd7 35. Kd2 Kc6 36. Kc3 Bb5 37. Kd4 Ra4 38. Kc3 Bd3 39. Kb3 Ra8 40. Kc3 Kb5 41. Kd4 Kc6 42. Ke5 Rb8 43.
Kxe6 Bb1 44. Rxb1 1-0

[Event "Early-Titled-Tuesday-Blitz-January-23-2024"]
[Site "Chess.com"]
[Date "2024.01.23"]
[Round "5"]
[White "vladislavkovalev"]
[Black "GroovyKettle"]
[Result "1/2-1/2"]
[WhiteElo "2854"]
[BlackElo "2973"]
[TimeControl "180+1"]
[EndTime "8:54:33 PST"]
[Termination "Game drawn by repetition"]

1. e4 c5 2. Nf3 d6 3. Bb5+ Bd7 4. Bxd7+ Qxd7 5. c4 Nf6 6. Nc3 Nc6 7. d4 cxd4 8. Nxd4 g6 9. f3 Bg7 10. Be3 O-O 11. Rc1 Rfc8 12. b3 Qd8 13. O-O a6 14.
Qd2 Qa5 15. Qf2 Nd7 16. Nd5 Qd8 17. Rfd1 Rab8 18. Qh4 Nf6 19. Ne2 b5 20. cxb5 axb5 21.
Bg5 Nxd5 22. exd5 Qb6+ 23. Qf2 Qxf2+ 24. Kxf2 Nb4 25. Rxc8+ Rxc8 26. Bxe7 Bf8 27. Bxf8 Kxf8 28. a4 bxa4 29. bxa4 Rc2 30. Rd4 Na6 31. g4 Nc5 32. Ke3 Ra2 33. Nc3 Ra3 34. Rc4 Nxa4 35. Rxa4 Rxc3+ 36. Ke4 g5 37. Ra6 Ke7 38. Ra7+ Ke8 39.
Ra8+ Ke7 40. Ra7+ Ke8 41. Ra8+ Ke7 42. Ra7+ 1/2-1/2